Map: Mist Opportunities

Players

monk

  • Race: Zerg Zerg

sTkmonk

  • Race: Terran Terran
  • Spawn Location: 5:00

VOD

Have the link to the VOD?

Description

Time

  • Played on: Aug. 1, 2017, 1:24 p.m.
  • Length: 30:11
Show
View Real Time Build Order
Export as new Build Order

monk Zerg 

Build Orders:  

Get SALT Encoding   

  12  0:03  Infested SCV  
  13  0:11  Infested SCV  
  13  0:18  Infested SCV  
  15  1:03  Infested Command Center  
  15  1:12  Overlord  
  15  1:37  Infested SCV x3  
  15  1:38  Infested SCV  
  15  1:39  Infested SCV  
  20  1:47  Infested Refinery  
  20  1:55  Infested SCV  
  21  2:08  Infested Refinery  
  21  2:11  Infested SCV  
  22  2:20  Infested Colonist Compound  
  22  2:26  Infested SCV  
  23  2:33  Infested Barracks  
  23  2:45  Infested SCV  
  23  2:46  Infested SCV  
  23  2:48  Infested SCV x2  
  27  3:01  Anaerobic Enhancement  
  27  3:05  Infested SCV x2  
  29  3:14  Infested SCV  
  29  3:16  Infested SCV  
  31  3:39  Infested SCV  
  32  3:40  Infested SCV  
  32  3:45  Infested SCV  
  34  4:04  Infestation Level 1  
  34  4:13  Infested Command Center  
  34  4:16  Infested SCV x2  
  34  4:17  Infested SCV x2  
  38  4:34  Overlord  
  38  5:01  Infested Bunker  
  38  5:03  Infested Engineering Bay, Infested SCV x3  
  38  5:04  Infested SCV  
  46  5:13  Overlord  
  46  5:15  Infested Barracks Tech Lab  
  46  5:21  Infested Factory  
  46  5:28  Overlord  
  46  5:43  Stukov Infantry Weapons Level 1  
  46  5:51  Infested Engineering Bay  
  46  6:04  Broodling Gestation  
  46  6:14  Infested SCV x2  
  46  6:18  Overlord, Infested SCV  
  49  6:20  Plagued Munitions  
  49  6:47  Regenerative Plating  
  49  6:49  Infested Bunker  
  57  6:53  Infested Armory  
  57  6:57  Infested Bunker  
  57  6:58  Infested Bunker  
  57  7:28  Infested Bunker, Infested SCV  
  57  7:29  Infested SCV  
  59  7:35  Infestation Level 2  
  59  7:49  Infested Bunker  
  63  8:07  Calcified Armor  
  63  8:11  Aggressive Incubation  
  63  8:14  Overlord x2  
  63  8:23  Infested Bunker  
  63  8:27  Infested Bunker  
  63  8:29  Infested Bunker  
  67  8:45  Stukov Infantry Weapons Level 2  
  67  8:59  Infested Bunker  
  71  9:07  Infested Bunker  
  71  9:08  Overlord  
  71  9:40  Infestation Level 3  
  67  9:56  Infested Bunker  
  71  10:16  Infested Bunker x2  
  79  10:28  Infested Bunker  
  83  10:40  Infested Bunker  
  83  10:55  Stukov Infantry Armor Level 1  
  87  11:10  Infested Bunker  
  87  11:37  Overlord, Infested Bunker  
  87  11:38  Overlord x2  
  91  11:46  Retinal Augmentation  
  91  12:18  Infested Bunker  
  107  12:36  Infested Starport  
  107  12:37  Infested Bunker  
  107  12:38  Infested Bunker  
  107  12:40  Infested Bunker  
  107  12:45  Infested Bunker  
  107  12:52  Infested Bunker  
  107  13:09  Infested Bunker x2  
  107  13:10  Infested Bunker, Stukov Infantry Weapons Level 3  
  107  13:11  Infested Bunker  
  107  13:14  Infested Bunker  
  107  13:19  Infested Bunker  
  107  13:32  Overlord  
  107  13:33  Overlord  
  107  13:35  Infested Bunker  
  115  13:43  Infested Bunker  
  115  13:50  Overlord x2  
  115  13:51  Infested Bunker, Stukov Infantry Armor Level 2  
  115  13:58  Infested Colonist Compound  
  115  13:59  Infested Bunker  
  119  14:14  Infested Bunker  
  123  14:20  Infested Bunker  
  123  14:44  Infested Bunker  
  127  15:02  Overseer  
  127  15:03  Infested Bunker  
  127  15:06  Pneumatized Carapace  
  127  15:22  Infested Bunker  
  127  15:24  Infested Bunker  
  127  15:26  Infested Bunker  
  139  15:48  Infested Bunker  
  147  15:51  Infested Bunker  
  147  16:09  Overlord x3  
  147  16:26  Overlord x2  
  147  16:30  Overlord x3  
  147  16:36  Overseer  
  151  16:54  Infested Bunker  
  147  17:08  Infested Colonist Compound  
  147  17:09  Infested Bunker  
  151  17:20  Infested Bunker  
  143  17:50  Infested Bunker  
  143  17:57  Infested Bunker  
  147  18:22  Infested Bunker  
  147  18:23  Infested Bunker  
  147  18:25  Infested Bunker  
  147  18:29  Infested Bunker  
  147  18:31  Stukov Infantry Armor Level 3  
  147  18:32  Stukov Vehicle and Ship Weapons Level 1  
  147  18:44  Infested Bunker  
  147  18:45  Infested Bunker  
  147  18:46  Infested Bunker  
  147  18:47  Infested Bunker  
  147  18:49  Infested Bunker  
  147  18:50  Infested Bunker x2  
  147  18:52  Infested Bunker  
  147  19:04  Infested Bunker  
  147  19:05  Infested Bunker  
  147  19:11  Infested Bunker  
  147  19:15  Infested Factory Tech Lab, Infested Factory  
  147  19:16  Acidic Enzymes  
  147  19:17  Infested Siege Tank  
  147  19:18  Infested Siege Tank x4  
  162  19:24  Infested Refinery  
  154  19:37  Infested Bunker  
  154  19:38  Infested SCV x4  
  158  19:40  Infested Refinery  
  158  19:44  Infested Bunker  
  158  19:48  Infested Bunker  
  158  19:51  Infested Bunker  
  158  19:59  Infested Bunker  
  154  20:04  Infested Siege Tank x2  
  154  20:07  Infested Bunker  
  152  20:46  Automated Mitosis  
  152  20:50  Infested Bunker  
  152  20:51  Infested Siege Tank x2, Infested Bunker  
  152  20:52  Infested Bunker  
  152  20:53  Infested Bunker  
  152  20:54  Infested Bunker  
  152  20:55  Infested Bunker x2  
  152  20:56  Infested Bunker  
  152  20:58  Infested Bunker  
  152  20:59  Infested Bunker  
  158  21:10  Infested Barracks  
  158  21:19  Infested Siege Tank x2  
  164  21:27  Infested SCV  
  164  21:28  Infested SCV  
  164  21:29  Stukov Vehicle and Ship Weapons Level 2  
  146  21:58  Infested Bunker x2  
  146  21:59  Infested Bunker  
  162  22:00  Infested Bunker x2  
  162  22:02  Infested Bunker  
  162  22:03  Infested Bunker  
  162  22:04  Infested Bunker x2  
  162  22:07  Infested Bunker  
  162  22:24  Infested Siege Tank x3  
  162  22:28  Infested Bunker  
  175  22:40  Infested Bunker  
  175  22:41  Infested Bunker  
  175  22:43  Infested Siege Tank  
  175  22:45  Infested Bunker  
  175  22:47  Infested Bunker  
  178  22:55  Infested Bunker  
  178  23:08  Infested Bunker  
  178  23:09  Infested Bunker  
  186  23:20  Infested Bunker  
  186  23:21  Infested Bunker x2  
  186  23:26  Infested Bunker  
  186  23:37  Infested Siege Tank x2  
  186  23:38  Infested Siege Tank  
  195  24:17  Infested Siege Tank  
  198  24:21  Infested Bunker  
  198  24:36  Infested Bunker  
  198  24:46  Overseer  
  198  24:47  Overseer x11  
  198  25:02  Stukov Vehicle and Ship Weapons Level 3  
  194  25:40  Infested Siege Tank  
  194  25:41  Infested Siege Tank  
  200  27:25  Infested Bunker, Overseer  
Show
View Real Time Build Order
Export as new Build Order

sTkmonk Terran 

Build Orders:  

Get SALT Encoding   

Tags
 
Add a new tag
Caveats
  • Supply blocks, unpowered buildings, or Contaminate may cause inaccurate times.
  • Supply counts are checked every 10 seconds.